 Dungeon Crawl Stone Soup version 0.29.1-2-gbd0b4ee654 (webtiles) character file.

Game seed: 9502069214490914109

3538 xian the Chopper (level 9, -2/84 HPs)
             Began as a Troll Monk on Nov 16, 2022.
             Was a Priest of Okawaru.
             Slain by an orc warrior
             ... wielding a +0 broad axe
              (26 damage)
             ... in a bailey.
             The game lasted 00:22:50 (4943 turns).

xian the Chopper (Troll Monk)                       Turns: 4943, Time: 00:22:50

Health: -2/84      AC: 10    Str: 28    XL:     9   Next: 82%
Magic:  8/8        EV: 10    Int:  8    God:    Okawaru [***...]
Gold:   1010       SH:  0    Dex:  8    Spells: 8/8 levels left

rFire   . . .      SeeInvis +   F - +4 giant spiked club (spect)
rCold   . . .      Faith    .   (shield currently unavailable)
rNeg    . . .      Spirit   .   a - +0 robe
rPois   .          Reflect  .   (helmet restricted)
rElec   .          Harm     .   c - +1 cloak {Will+}
rCorr   .          Rampage  .   (gloves unavailable)
Will    +....                   (boots unavailable)
Stlth   ++........              g - amulet of magic regeneration
HPRegen 1.04/turn               k - +4 ring of protection
MPRegen 0.51/turn               p - ring "Gusalemy" {Str+3 Int+2 Dex-4 SInv}

@: on berserk cooldown, slowed, very slow
A: large, unfitting armour, claws 3, regeneration 1, shaggy fur 1, tough skin 1
a: Renounce Religion, Heroism


You were in a bailey.
You worshipped Okawaru.
Okawaru was most pleased with you.
You visited 2 branches of the dungeon, and saw 8 of its levels.
You also visited: Bailey.

You collected 1303 gold pieces.
You spent 293 gold pieces at shops.

Inventory:

Hand Weapons
 r - the +6 hand axe of the Hills {venom, +Blink Dex+3}
   (You took it off a goblin on level 3 of the Dungeon)

   It poisons the flesh of those it strikes.
   Dex:       It affects your dexterity (+3).
   +Blink:    It lets you blink.
 F - a +4 spectral giant spiked club (weapon)
 I - the +6 dagger "Nefimo" {spect, rC+++ Str+8 Int-5}
   (You found it on level 6 of the Dungeon)

   When its wielder attacks, the weapon's spirit leaps out and strikes again.
   The spirit shares a part of any damage it takes with its wielder.
   Str:       It affects your strength (+8).
   Int:       It affects your intelligence (-5).
   rC:        It renders you almost immune to cold.
Missiles
 f - 20 boomerangs (quivered)
 i - 5 curare-tipped darts
 w - 10 poisoned darts
Armour
 a - a +0 robe (worn)
 c - a +1 cloak of willpower (worn)
 y - a scarf of repulsion
 z - a +0 kite shield
Magical Staves
 B - a staff of poison
Jewellery
 g - an amulet of magic regeneration (around neck)
 k - a +4 ring of protection (left claw)
 o - a +6 ring of intelligence
 p - the ring "Gusalemy" (right claw) {Str+3 Int+2 Dex-4 SInv}
   (You acquired it on level 7 of the Dungeon)

   [ring of see invisible]

   Str:       It affects your strength (+3).
   Int:       It affects your intelligence (+2).
   Dex:       It affects your dexterity (-4).
   SInv:      It lets you see invisible.
 x - a ring of ice
 C - a ring of willpower
Wands
 e - a wand of polymorph (6)
 D - a wand of mindburst (7)
 J - a wand of flame (24)
 K - a wand of digging (5)
Scrolls
 d - 2 scrolls of teleportation
 t - 2 scrolls of enchant weapon
 v - a scroll of silence
 A - a scroll of immolation
Potions
 b - a potion of ambrosia
 j - 3 potions of lignification
 l - a potion of berserk rage
 m - 3 potions of curing
 n - 4 potions of haste
 s - a potion of flight
 u - a potion of brilliance


   Skills:
 + Level 4.1 Fighting
 * Level 7.9(8.2) Axes
 + Level 3.5(6.5) Maces & Flails
 + Level 2.0 Throwing
 + Level 5.3 Dodging
 + Level 2.2 Stealth
 + Level 0.1 Shields
 - Level 5.6 Unarmed Combat


You had 8 spell levels left.
You didn't know any spells.
Your spell library contained the following spells:

 Spells                   Type           Power      Damage    Failure   Level
 Apportation              Tloc           0%         N/A       41%         1
 Necrotise                Necr           0%         1d4       41%         1
 Sting                    Tmut/Pois      0%         1d3       41%         1
 Poisonous Vapours        Pois/Air       0%         N/A       54%         2
 Static Discharge         Conj/Air       0%         3-3/arc   54%         2
 Sublimation of Blood     Necr           0%         N/A       54%         2
 Gell's Gravitas          Tloc           0%         N/A       78%         3
 Teleport Other           Tloc           0%         N/A       78%         3
 Olgreb's Toxic Radiance  Pois           0%         N/A       99%         4
 Petrify                  Tmut/Erth      0%         N/A       99%         4
 Alistair's Intoxication  Tmut/Pois      0%         N/A       100%        5
 Irradiate                Conj/Tmut      0%         3d11      100%        5
 Lightning Bolt           Conj/Air       0%         1d11      100%        5
 Dispersal                Tloc           0%         N/A       100%        6
 Maxwell's Capacitive Co  Air            0%         ∞         100%        8
 Summon Small Mammal      Summ           Unusable   N/A       N/A         1

Dungeon Overview and Level Annotations

Branches:
Dungeon (7/15)             Temple (1/1) D:6          Bailey (1/1)

Altars:
Cheibriados
Elyvilon
Fedhas
Hepliaklqana
Kikubaaqudgha
Makhleb
Nemelex Xobeh
Okawaru
Qazlal
Ru
Sif Muna
Uskayaw
Vehumet
Wu Jian
Xom
Yredelemnul
Zin

Shops:
D:6 *

Annotations:
Temple 2 transporters


Innate Abilities, Weirdness & Mutations

You are too large for most types of armour.
You have claws for hands.
Your natural rate of healing is unusually fast.
You are covered in fur. (AC +1)
You have tough skin. (AC +1)


Message History

You hit the orc warrior.
The orc warrior is lightly wounded.
You closely miss the orc warrior.
Your +4 spectral giant spiked club hits the orc warrior!
The orc warrior splashes around in the water. x2
Unknown command.
You puncture the orc warrior!
You kill the orc warrior!
Okawaru accepts your kill.
Okawaru will now gift you throwing weapons as you gain piety.
You hear a splash. x2
The orc warrior splashes around in the water.
The orc warrior jeers repeatedly.
You closely miss the orc warrior.
The orc warrior is lightly wounded.
Your +4 spectral giant spiked club hits the orc warrior!!
You kill the orc warrior!
Okawaru accepts your kill.
You hear a splash. x2
Your Throwing skill increases to level 2!
You swap places.
You enter the shallow water.
Moving in this stuff is going to be slow.
You are no longer berserk.
You are exhausted.
You feel yourself slow down.
The orc warrior hits you with a +0 broad axe!
* * * LOW HITPOINT WARNING * * *
Items here: ( ))) [ †.
You barely miss the orc warrior.
Your +4 spectral giant spiked club hits the orc warrior!
The orc warrior hits you with a +0 broad axe!
* * * LOW HITPOINT WARNING * * *
The orc warrior hits your +4 spectral giant spiked club with a +0 broad axe!
Your spectral weapon shares its damage with you!
* * * LOW HITPOINT WARNING * * *
The orc warrior hits you but does no damage.
The orc warrior barely misses your +4 spectral giant spiked club.
You feel much better.
The orc warrior hits you with a +0 broad axe!!
You die...

#~.......~##
#~~.......~~#####
..~~.......~~....#
##~~.......~~###.#
..~~.......~~....#
##~~.......~~###.#
.~~......†~~....#
#~~.......~~###.#
.~~.......§@....#
#~~.......o)###.#
.~~.......~~....#
#~~.......~~#####
#~.......~##
####'''####
##.....##
#∩.....∩#
#...8...#


You could see an orc warrior (strong).

Vanquished Creatures
  An orc knight (Bailey)
  Grinder (D:3)
  Eustachio (D:4)
  A water moccasin (D:6)
  4 orc warriors (Bailey)
  2 ice beasts
  A sky beast (D:6)
  A black bear (D:5)
  3 ogres
  A phantom (D:5)
  A bullfrog (D:6)
  5 kobold brigands (Bailey)
  2 necrophages
  A scorpion (D:5)
  Blork the orc (D:4)
  2 gnoll sergeants
  A hound (D:4)
  3 orc priests
  A gnoll bouda (D:4)
  Crazy Yiuf (D:2)
  A jelly (D:6)
  Jessica (D:2)
  5 iguanas
  Natasha (thrice) (D:3)
  2 orc wizards (D:6)
  Robin (D:3)
  14 gnolls
  7 adders
  A white imp (D:7)
  2 ufetubi (D:5)
  2 dart slugs
  13 orcs
  7 endoplasms
  6 giant cockroaches
  17 goblins
  9 hobgoblins
  12 jackals
  16 kobolds
  3 quokkas
  8 ball pythons
  5 bats
  3 frilled lizards
  2 rats
174 creatures vanquished.

Vanquished Creatures (others)
  A quokka (D:6)
  7 fungi (D:4)
  4 plants (D:4)
12 creatures vanquished.

Grand Total: 186 creatures vanquished

Notes
Turn   | Place    | Note
-------+----------+-------------------------------------------
     0 | D:1      | xian the Troll Monk began the quest for the Orb.
     0 | D:1      | Reached XP level 1. HP: 22/22 MP: 0/0
    39 | D:1      | Reached XP level 2. HP: 29/29 MP: 1/1
   509 | D:1      | Reached XP level 3. HP: 35/36 MP: 2/2
  1048 | D:2      | Noticed Jessica
  1052 | D:2      | Killed Jessica
  1053 | D:2      | Reached XP level 4. HP: 44/44 MP: 3/3
  1202 | D:2      | Found a runed translucent door.
  1203 | D:2      | Noticed Crazy Yiuf
  1245 | D:2      | Killed Crazy Yiuf
  1566 | D:3      | Noticed Natasha
  1579 | D:3      | Killed Natasha
  1580 | D:3      | Reached XP level 5. HP: 52/52 MP: 4/4
  1594 | D:3      | Identified the +6 hand axe of the Hills {venom, +Blink
                  | Dex+3}
  1601 | D:3      | Noticed Robin
  1621 | D:3      | Killed Robin
  1713 | D:3      | Noticed Grinder
  1727 | D:3      | Killed Grinder
  1728 | D:3      | Reached skill level 5 in Unarmed Combat
  1728 | D:3      | Reached XP level 6. HP: 55/59 MP: 5/5
  1754 | D:3      | Noticed Natasha
  1761 | D:3      | Killed Natasha
  1944 | D:3      | Noticed Natasha
  1945 | D:3      | Noticed an angel
  1946 | D:3      | Found a shimmering altar of Xom.
  1951 | D:3      | Found a glowing silver altar of Zin.
  1957 | D:3      | Killed Natasha
  2081 | D:4      | Noticed Eustachio
  2102 | D:4      | Killed Eustachio
  2103 | D:4      | Reached skill level 2 in Axes
  2103 | D:4      | Reached XP level 7. HP: 47/67 MP: 6/6
  2196 | D:4      | Found a blossoming altar of Fedhas.
  2253 | D:4      | Identified the +1 chain mail "Zyutoas" {*Slow Int+3 SInv}
  2418 | D:4      | Found a hide-covered altar of Uskayaw.
  2513 | D:4      | Reached skill level 3 in Axes
  2665 | D:4      | Reached XP level 8. HP: 67/75 MP: 7/7
  2767 | D:4      | Noticed Blork the orc
  2775 | D:4      | Killed Blork the orc
  2776 | D:4      | Reached skill level 4 in Axes
  2957 | D:5      | Entered Level 5 of the Dungeon
  3014 | D:5      | Reached skill level 5 in Axes
  3259 | D:5      | Found a sacrificial altar of Ru.
  3541 | D:6      | Found Peall's General Store.
  3573 | D:6      | Reached skill level 6 in Axes
  3690 | D:6      | HP: 1/76 [sky beast (6)]
  3701 | D:6      | Reached XP level 9. HP: 33/84 MP: 8/8
  3858 | D:6      | Bought a +4 spectral giant spiked club for 293 gold pieces
  3921 | D:6      | Found a staircase to the Ecumenical Temple.
  3941 | Temple   | Entered the Ecumenical Temple
  3941 | Temple   | Found a transporter.
  3941 | Temple   | Found a transporter.
  3943 | Temple   | Found a transporter.
  3943 | Temple   | Found a transporter.
  3963 | Temple   | Became a worshipper of Warmaster Okawaru
  3963 | Temple   | Reached * piety under Okawaru
  3963 | Temple   | Reached ** piety under Okawaru
  4048 | D:6      | Found a white marble altar of Elyvilon.
  4059 | D:6      | Identified the +6 dagger "Nefimo" {spect, rC+++ Str+8
                  | Int-5}
  4162 | D:6      | Found a burning altar of Makhleb.
  4402 | D:6      | Found a sparkling altar of Nemelex Xobeh.
  4661 | D:7      | Reached skill level 7 in Axes
  4674 | D:7      | Reached skill level 5 in Dodging
  4731 | D:7      | Identified 2 scrolls of acquirement
  4732 | D:7      | Acquired the ring "Gusalemy" {Str+3 Int+2 Dex-4 SInv}
  4743 | D:7      | Acquired 719 gold pieces
  4797 | D:7      | Found a flagged portal.
  4806 | Bailey   | Entered a bailey
  4887 | Bailey   | Reached skill level 1 in Maces & Flails
  4887 | Bailey   | Reached skill level 1 in Throwing
  4911 | Bailey   | Noticed an orc knight
  4934 | Bailey   | Killed an orc knight
  4939 | Bailey   | Reached *** piety under Okawaru
  4942 | Bailey   | HP: 1/84 [orc warrior/+0 broad axe (5)]
  4943 | Bailey   | Slain by an orc warrior

Illustrated notes

Levels and vault maps discovered:
D:1:      shiori_arrival_oz, layout_basic, nicolae_hexahallways,
          minmay_misc_feat_cross
D:2:      layout_loops_cross, uniq_crazy_yiuf_cottage, uniq_jessica
D:3:      layout_rooms, grunt_temple_overflow_order_and_chaos_1, uniq_robin,
          uniq_grinder, uniq_natasha
D:4:      layout_loops_ring, fedhas_altar_3, mainiacjoe_overflow_tiny_flanked,
          pf_guarded_unrand_woodcutter, uniq_blork_the_orc, uniq_eustachio
D:5:      layout_rooms, nicolae_ru_awakened_eye
D:6:      layout_layer_cave, old_standard_altar, elyvilon_altar_4,
          nemelex_spade_bored_becter, minmay_temple_entry_statues_pillars,
          serial_shops, shop
D:7:      layout_rooms, enter_bailey_2, reono_crystal_passage
Temple:   hellmonk_temple_divided_pantheon
Bailey:   bailey_axe_3, bailey

Skill      XL: |  1  2  3  4  5  6  7  8  9 |
---------------+----------------------------+-----
Dodging        | 3 4 5 |  5.3
Unarmed Combat | 4 5 |  5.6
Fighting       | 3 4 |  4.1
Axes           | 2 3 6 7 |  7.9
Stealth        | 2 |  2.2
Maces & Flails | 3 |  3.5
Throwing       | 2 |  2.0
Shields        | |  0.1

Action                   |  1- 3 |  4- 6 |  7- 9 || total
-------------------------+-------+-------+-------++-------
Melee: Unarmed           |    72 |    68 |       ||   140
       Punch             |     1 |     2 |     9 ||    12
       Hand axe          |       |    35 |   203 ||   238
       Giant spiked club |       |       |    46 ||    46
Throw: Boomerang         |       |     1 |    16 ||    17
       Dart              |       |       |    13 ||    13
  Use: Potion            |       |     6 |     4 ||    10
       Scroll            |       |       |    17 ||    17
 Stab: Sleeping          |     1 |     1 |     2 ||     4
       Distracted        |     1 |       |       ||     1
       Invisible         |       |     1 |       ||     1
Armor: Robe              |    45 |    72 |    96 ||   213
Dodge: Dodged            |    61 |    86 |   141 ||   288
Block: Kite shield       |       |       |     7 ||     7
